AoeStats
← stinaj90

Arena

510815005Analyzed
1v1 RM · 8h ago on Oct 2, 2026· 33m 22s· 2 players
Game mode
Random Map
Map size
Tiny (2 player)
Population
200
Speed
Normal
Resources
Standard
Victory
Conquest
Starting age
Dark Age
Ending age
Imperial Age
RankedLock teamsTeams togetherTeam positionsShared explorationLock speedFull tech treeHidden civsTurbo modeCheats
Victory
Defeat
🇹🇷 Turks · Türkiye
891
+16
🇸🇪 Inca · Sweden
882
-16
stinaj90
10:13 Feudal Age
15:19 Castle Age
14:06 Double-Bit Axe
15:18 Horse Collar
17:28 Bow Saw
21:49 Heavy Plow
23:40 Wheelbarrow
23:41 Stone Mining
25:03 Forging
25:22 Hand Cart
24:55 Town Watch
25:02 Champi Runner
25:44 Squires
26:40 Ballistics
26:43 Murder Holes
26:29 Treadmill Crane
26:58 Fletching
28:09 Scale Mail Armor
29:14 Stone Shaft Mining
28:29 Gold Mining
31:41 Imperial Age
29:41 Bodkin Arrow
30:22 Iron Casting
31:08 Gold Shaft Mining
31:13 Padded Archer Armor
31:29 Chain Mail Armor
30:44 Champi Warrior
33:01 Crop Rotation
33:33 Blast Furnace
34:07 Chemistry
SekErkek
11:05 Feudal Age
15:37 Castle Age
13:51 Stone Mining
14:03 Double-Bit Axe
14:35 Horse Collar
15:20 Gold Mining
21:33 Bow Saw
23:39 Wheelbarrow
23:21 Husbandry
23:31 Bloodlines
23:24 Loom
24:44 Hand Cart
28:50 Imperial Age
27:46 Gold Shaft Mining
28:07 Padded Archer Armor
27:58 Fletching
29:19 Leather Archer Armor
30:34 Thumb Ring
30:26 Bodkin Arrow
31:03 Ring Archer Armor
30:53 Forging
30:49 Scale Barding Armor
31:20 Heavy Plow
32:25 Two-Man Saw
31:55 Bracer
33:25 Ballistics
Connection lost

Rejoining the realm…

Still unreachable

The connection could not be restored.

Session expired

The server has moved on; the page needs a fresh start.